 Dungeon Crawl Stone Soup version 0.19.0 (webtiles) character file.

49 PurpleRed the Cudgeler (level 3, -1/37 HPs)
             Began as an Ogre Skald on Nov 12, 2016.
             Slain by a bullfrog (7 damage)
             ... on level 4 of the Dungeon.
             The game lasted 00:01:44 (1842 turns).

PurpleRed the Cudgeler (Ogre Skald)                 Turns: 1842, Time: 00:01:45

Health: -1/37      AC:  3    Str: 18    XL:     3   Next: 77%
Magic:  6/6        EV:  9    Int: 11    God:
Gold:   103        SH:  0    Dex:  9    Spells: 1 memorised, 6 levels left

rFire  . . .     SeeInvis .     a - +0 mace
rCold  . . .     Gourm    .     b - +0 robe
rNeg   . . .     Faith    .     (no shield)
rPois  .         Spirit   .     (helmet restricted)
rElec  .         Reflect  .     (no cloak)
rCorr  .         Harm     .     (gloves unavailable)
MR     .....                    (boots unavailable)
Stlth  +.........               (no amulet)
                                (no ring)
                                (no ring)

@: no status effects
A: unfitting armour, tough skin 1
a: no special abilities


You were on level 4 of the Dungeon.
You were not hungry.

You visited 1 branch of the dungeon, and saw 3 of its levels.

You collected 103 gold pieces.

Inventory:

Hand Weapons
 a - a +0 mace (weapon)
Armour
 b - a +0 robe (worn)
Jewellery
 i - an uncursed ring of wizardry {unknown}
Scrolls
 e - 3 scrolls of magic mapping {unknown}
 f - 2 scrolls of teleportation {unknown}
 g - 2 scrolls of remove curse {unknown}
Potions
 h - a potion of heal wounds {unknown}
 j - 2 potions of brilliance {unknown}
 k - 2 potions of cancellation {unknown}
 l - a potion of lignification {unknown}
 m - a potion of curing {unknown}
Books
 c - a book of Battle

   Spells                             Type                      Level
   a - Infusion                       Charms                       1
   b - Shroud of Golubria             Charms/Translocation         2
   c - Song of Slaying                Charms                       2
   d - Spectral Weapon                Hexes/Charms                 3
   e - Regeneration                   Charms/Necromancy            3
Comestibles
 d - 2 bread rations


   Skills:
 + Level 3.5 Fighting
 * Level 4.5 Maces & Flails
 - Level 1.3 Dodging
 - Level 2.5 Spellcasting
 - Level 2.2 Charms


You had 6 spell levels left.
You knew the following spells:

 Your Spells              Type           Power        Failure   Level  Hunger
a - Infusion              Chrm           #...         14%         1    ##.....


Dungeon Overview and Level Annotations

Branches:
Dungeon (2/15)

Altars:
Qazlal


Innate Abilities, Weirdness & Mutations

You are too large for most types of armour.
You have tough skin. (AC +1)


Message History

The bullfrog barely misses you. The bullfrog closely misses you.
You closely miss the bullfrog.
The bullfrog is heavily wounded.
The bullfrog hits you.
* * * LOW HITPOINT WARNING * * *
The bullfrog hits you but does no damage.
You thump the bullfrog!
The bullfrog is severely wounded.
The bullfrog barely misses you.
You closely miss the bullfrog.
The bullfrog is severely wounded.
The bullfrog hits you but does no damage. x2
You barely miss the bullfrog.
The bullfrog is severely wounded.
The bullfrog hits you.
* * * LOW HITPOINT WARNING * * *
You closely miss the bullfrog.
The bullfrog is severely wounded.
The bullfrog hits you!
You die...

##..........#
##............
#.............
#.............
#.............
#.............
#^............
#...@F.......
##..........#
############


You could see a bullfrog.

Vanquished Creatures
  2 adders (D:2)
  A leopard gecko (D:2)
  6 bats
  4 giant cockroaches
  2 goblins (D:1)
  3 hobgoblins (D:1)
  A quokka (D:2)
  3 frilled lizards
  5 kobolds
  4 rats (D:1)
31 creatures vanquished.

Notes
Turn   | Place    | Note
-------+----------+-------------------------------------------
     0 | D:1      | PurpleRed the Ogre Skald began the quest for the Orb.
     0 | D:1      | Reached XP level 1. HP: 22/22 MP: 3/3
    37 | D:1      | Reached skill level 3 in Maces & Flails
    54 | D:1      | Reached XP level 2. HP: 10/29 MP: 5/5
  1142 | D:1      | Reached skill level 4 in Maces & Flails
  1241 | D:2      | Reached XP level 3. HP: 34/37 MP: 6/6
  1325 | D:2      | Found a stormy altar of Qazlal.
  1828 | D:2      | You fall through a shaft for 2 floors!
  1828 | D:4      | Noticed a bullfrog
  1842 | D:4      | Slain by a bullfrog

Skill      XL: |  1  2 |
---------------+-------+-----
Maces & Flails | 3 4 |  4.5
Fighting       | 3 |  3.5
Dodging        | |  1.3
Spellcasting   | |  2.5
Charms         | |  2.2

Action                   || total
-------------------------++-------
Melee: Mace              ||   141
 Stab: Sleeping          ||     1
  Eat: Chunk             ||     3
Armor: Robe              ||    77
Dodge: Dodged            ||    91
